 Dungeon Crawl Stone Soup version 0.21-a0-163-g3aa3f5d (webtiles) character file.

317 Lunath the Cudgeler (level 6, -17/39 HPs)
             Began as a Gargoyle Gladiator on Aug 6, 2017.
             Demolished by an ogre
             ... wielding a +0 giant club
              (20 damage)
             ... on level 4 of the Dungeon.
             The game lasted 00:05:36 (3337 turns).

Lunath the Cudgeler (Gargoyle Gladiator)            Turns: 3337, Time: 00:05:37

Health: -17/39     AC: 14    Str: 18    XL:     6   Next: 44%
Magic:  6/6        EV:  8    Int:  8    God:
Gold:   124        SH:  0    Dex: 13    Spells: 5/5 levels left

rFire    . . .     SeeInvis +   a - +0 flail
rCold    . . .     Gourm    .   (no shield)
rNeg     + . .     Faith    .   k - +0 chain mail
rPois    ∞         Spirit   .   v - +0 helmet {SInv}
rElec    +         Reflect  .   (no cloak)
rCorr    .         Harm     .   (no gloves)
MR       .....                  l - +0 pair of boots
Stlth    ..........             (no amulet)
HPRegen  0.13/turn              (no ring)
MPRegen  0.10/turn              (no ring)

@: no status effects
A: negative energy resistance 1, electricity resistance, unbreathing,
petrification resistance, rot immunity, AC +4
a: no special abilities


You were on level 4 of the Dungeon.
You were not hungry.

You visited 1 branch of the dungeon, and saw 4 of its levels.

You collected 124 gold pieces.

Inventory:

Hand Weapons
 a - a +0 flail (weapon)
Missiles
 d - 3 throwing nets (quivered)
Armour
 k - a +0 chain mail (worn)
 l - a +0 pair of boots (worn)
 v - a +0 helmet of see invisible (worn)
Wands
 u - a wand of lightning (11/15)
Scrolls
 b - a scroll of teleportation
 e - a scroll of blinking {unknown}
 j - 5 scrolls of identify {unknown}
 n - 3 scrolls of remove curse {unknown}
 p - a scroll of random uselessness {unknown}
 s - a scroll of enchant armour {unknown}
Potions
 g - a potion of resistance {unknown}
 h - 2 potions of flight {unknown}
 m - 2 potions of mutation {unknown}
 q - 2 potions of curing {unknown}
 r - 2 potions of lignification {unknown}
 t - 2 potions of heal wounds {unknown}
Comestibles
 f - 3 bread rations
 i - a chunk of flesh
 o - 2 royal jellies


   Skills:
 + Level 4.4 Fighting
 * Level 6.0 Maces & Flails
 - Level 1.7 Throwing
 - Level 2.4 Dodging


You had 5 spell levels left.
You didn't know any spells.

Dungeon Overview and Level Annotations

Branches:
Dungeon (4/15)
 Temple: D:4-7

Altars:


Innate Abilities, Weirdness & Mutations

You are resistant to torment.
Your stone body is resilient. (AC +4)
You are immune to poison.
You resist negative energy. (rN+)
You are resistant to electric shocks. (rElec)
You can survive without breathing.
You are immune to petrification.
You are immune to rotting.


Message History

The hound skeleton bites you but does no damage.
You thump the hound skeleton!
You destroy the hound skeleton!
No target in view!
Some of the chunks of flesh in your inventory have rotted away.
Found a scale mail.
Found a shiny large shield.
The ogre shouts!
You hit the ogre.
The ogre is moderately wounded.
The ogre hits you with a giant club!
You hit the ogre but do no damage.
The ogre is moderately wounded.
The ogre hits you with a giant club!!
* * * LOW HITPOINT WARNING * * *
You are too injured to fight recklessly!
You swing at nothing.
You swing at nothing.
The ogre hits you with a giant club!!
Ouch! That really hurt!
You die...

...###.###..###
#............#
######..##...###.##
...................
....##..#.#####.##
## ..# ##...# #..#
..#..##[#####...#
##..
#[.....O....##.#####
### #@###.#......# #
#...#.#..###..#
###......####.#
##.##........
#.....######
#########...###
............#####
######..........
##.##..#...


You could see an ogre.

Vanquished Creatures
  A scorpion (D:4)
  A hound (D:4)
  An orc wizard (D:4)
  2 iguanas (D:4)
  A worker ant (D:4)
  2 hound skeletons (D:4)
  4 adders
  A worm (D:4)
  2 dart slugs (D:1)
  4 leopard geckos
  5 bats
  2 giant cockroaches (D:1)
  10 goblins
  8 hobgoblins
  3 jackals (D:1)
  2 quokkas
  2 ball pythons (D:3)
  A frilled lizard (D:2)
  3 kobolds
  11 rats
66 creatures vanquished.

Notes
Turn   | Place    | Note
-------+----------+-------------------------------------------
     0 | D:1      | Lunath the Gargoyle Gladiator began the quest for the Orb.
     0 | D:1      | Reached XP level 1. HP: 12/12 MP: 1/1
    82 | D:1      | Reached XP level 2. HP: 3/18 MP: 2/2
   592 | D:1      | Reached XP level 3. HP: 16/22 MP: 3/3
   921 | D:1      | Reached skill level 4 in Maces & Flails
  2255 | D:3      | Reached XP level 4. HP: 28/28 MP: 4/4
  2645 | D:4      | Reached skill level 5 in Maces & Flails
  2645 | D:4      | Reached XP level 5. HP: 31/33 MP: 5/5
  2693 | D:4      | Reached XP level 6. HP: 6/38 MP: 6/6
  3228 | D:4      | Reached skill level 6 in Maces & Flails
  3337 | D:4      | Demolished by an ogre

Vault maps used:
D:1:      lemuel_arrival_tunnels
D:2:      serial_co_window_serial, co_window_corner_a, co_window_corner_a,
          co_window_of_opportunity_a, co_window_paths_a, co_window_paths_a,
          co_window_broadway_a, co_window_paths_c, co_window_corner_b,
          co_window_cross_2, co_window_of_opportunity_b, co_window_paths_e,
          co_window_4corner_b, glass_columns_b, glass_columns_a,
          glass_columns_b, glass_columns_c
D:4:      minmay_diamond_boxcup, first_bread

Skill      XL: |  1  2  3  4  5  6 |
---------------+-------------------+-----
Maces & Flails | 4 5 6 |  6.0
Fighting       | 3 4 |  4.4
Throwing       | |  1.7
Dodging        | |  2.4

Action                   |  1- 3 |  4- 6 || total
-------------------------+-------+-------++-------
Melee: Flail             |   126 |   148 ||   274
  Use: Scroll            |       |     1 ||     1
  Eat: Chunk             |     3 |     5 ||     8
Armor: Leather armour    |    24 |       ||    24
       Chain mail        |    72 |   133 ||   205
Dodge: Dodged            |    71 |    53 ||   124
